 Dungeon Crawl Stone Soup version 0.22-a0-48-g8770677 (webtiles) character file.

39 Protee the Shield-Bearer (level 3, 0/30 HPs)
             Began as a Formicid Fighter on Jan 7, 2018.
             Succumbed to an adder's poison
             ... on level 2 of the Dungeon.
             The game lasted 00:01:31 (923 turns).

Protee the Shield-Bearer (Formicid Fighter)          Turns: 923, Time: 00:01:32

Health: 0/30       AC:  7    Str: 20 (21) XL:     3   Next: 70%
Magic:  3/3        EV:  8    Int: 11 (12) God:
Gold:   78         SH:  9    Dex:  7 (10) Spells: 2/2 levels left

rFire    . . .     SeeInvis +   a - +0 flail
rCold    . . .     Gourm    .   c - +0 shield
rNeg     . . .     Faith    .   b - +0 scale mail
rPois    .         Spirit   .   (helmet unavailable)
rElec    .         Reflect  .   (no cloak)
rCorr    .         Harm     .   (no gloves)
MR       .....                  (no boots)
Stlth    ..........             (no amulet)
HPRegen  0.10/turn              (no ring)
MPRegen  0.08/turn              (no ring)

@: brilliant, lethally poisoned (0 -> -10)
A: permanent stasis, dig shafts and tunnels, four strong arms, antennae 3
a: Dig, Shaft Self


You were on level 2 of the Dungeon.
You were not hungry.

You visited 1 branch of the dungeon, and saw 2 of its levels.

You collected 78 gold pieces.

Inventory:

Hand Weapons
 a - a +0 flail (weapon)
Armour
 b - a +0 scale mail (worn)
 c - a +0 shield (worn)
Jewellery
 k - a +6 ring of strength {unknown}
 m - an uncursed amulet of magic regeneration {unknown}
Scrolls
 e - 2 scrolls of identify {unknown}
 h - a scroll of remove curse {unknown}
 n - a scroll of magic mapping {unknown}
Potions
 d - a potion of might
 j - a potion of resistance {unknown}
 l - a potion of degeneration
Comestibles
 f - 3 rations


   Skills:
 + Level 3.7 Fighting
 + Level 2.5 Maces & Flails
 + Level 3.7 Armour
 + Level 4.1 Shields


You had 2 spell levels left.
You didn't know any spells.

Dungeon Overview and Level Annotations

Branches:
Dungeon (2/15)

Altars:


Innate Abilities, Weirdness & Mutations

You cannot be hasted, slowed, berserked, paralysed or teleported.
You can dig through walls and to a lower floor.
Your four strong arms can wield two-handed weapons with a shield.
You have a pair of large antennae on your head. (SInv)


Message History

* * * LOW HITPOINT WARNING * * *
You feel sick. The adder closely misses you.
The adder bites you but does no damage.
You closely miss the adder.
The adder is severely wounded.
* * * LOW HITPOINT WARNING * * *
You feel sick. You block the adder's attack. The adder bites you.
* * * LOW HITPOINT WARNING * * *
You sock the adder!
You kill the adder!
* * * LOW HITPOINT WARNING * * *
You feel sick.
It was a potion of brilliance.
You feel clever all of a sudden.
* * * LOW HITPOINT WARNING * * *
You feel sick.
It was a potion of degeneration.
There was something very wrong with that liquid.
You feel weakened.
You feel dopey.
You feel clumsy.
You die...

.........<.....####
######†............
........#.#......?
....#.....#.......
#....#.#.###.......
#... #..)..........
### #.............
##......########
.........@.......
###......##......
#......# .....
#....... ....
#........ ...
#...[.... .?
###.##.... . #.
.....


There were no monsters in sight!

Vanquished Creatures
  An adder (D:2)
  An ooze (D:1)
  A leopard gecko (D:1)
  2 bats
  2 giant cockroaches (D:1)
  2 goblins (D:1)
  7 hobgoblins (D:1)
  2 frilled lizards (D:1)
  2 kobolds (D:1)
  4 rats
24 creatures vanquished.

Notes
Turn   | Place    | Note
-------+----------+-------------------------------------------
     0 | D:1      | Protee the Formicid Fighter began the quest for the Orb.
     0 | D:1      | Reached XP level 1. HP: 18/18 MP: 1/1
   178 | D:1      | Reached XP level 2. HP: 24/24 MP: 2/2
   531 | D:1      | Reached XP level 3. HP: 27/29 MP: 3/3
   587 | D:1      | Reached skill level 4 in Shields
   922 | D:2      | HP: 1/30 [poisoned by an adder]
   923 | D:2      | Succumbed to an adder's poison

Vault maps used:
D:1:      lordsloth_arrival_two_stooges, serial_bayou_pond_b
D:2:      first_ration, bloody_trog

Skill      XL: |  1  2  3 |
---------------+----------+-----
Shields        | 4 |  4.1
Fighting       | |  3.7
Maces & Flails | |  2.5
Armour         | |  3.7

Action                   || total
-------------------------++-------
Melee: Flail             ||    91
  Use: Potion            ||     2
Armor: Scale mail        ||    39
Dodge: Dodged            ||    26
Block: Shield            ||    44

Table legend:
 A = Spawn XP
 B = Non-spawn XP
 C = Spawn XP percentage of total XP
 D = Spawn monster count
 E = Non-spawn monster count
 F = Spawn count percentage of total count
 G = Total turns spent on level
                    A         B        C        D         E        F      G
               +---------+---------+-------+---------+---------+-------+---------
         Total |       0 |      57 |   0.0 |       0 |      24 |   0.0 |   923
               +---------+---------+-------+---------+---------+-------+---------
           D:1 |       0 |      41 |   0.0 |       0 |      20 |   0.0 |   886
           D:2 |       0 |      16 |   0.0 |       0 |       4 |   0.0 |    37
               +---------+---------+-------+---------+---------+-------+---------
